 Dungeon Crawl Stone Soup version 0.30-b1-2-g02819fbbbe (webtiles) character file.

Game seed: 9650870834741341779

4 DeadRuby the Trooper (level 1, -2/14 HPs)
             Began as a Kobold Fighter on May 3, 2023.
             Frozen to death by an endoplasm (4 damage)
             ... on level 1 of the Dungeon.
             The game lasted 00:01:50 (258 turns).

DeadRuby the Trooper (Kobold Fighter)                Turns: 258, Time: 00:01:51

Health: -2/14      AC:  6    Str: 13    XL:     1   Next: 77%
Magic:  1/1        EV: 10    Int:  9    God:
Gold:   26         SH:  4    Dex: 14    Spells: 0/0 levels left

rFire   . . .        a - +0 rapier
rCold   . . .        c - +0 buckler
rNeg    . . .        b - +0 scale mail
rPois   .            (no helmet)
rElec   .            (no cloak)
rCorr   .            (no gloves)
SInv    .            (no boots)
Will    .....        (no amulet)
Stlth   +            (no ring)
HPRegen 0.22/turn    (no ring)
MPRegen 0.07/turn

%: no passive effects
@: no status effects
A: small, no large weapons, nightstalker 3
a: no special abilities


You were on level 1 of the Dungeon.
You visited 1 branch of the dungeon, and saw 1 of its levels.

You collected 26 gold pieces.

Inventory:

Hand Weapons
 a - a +0 rapier (weapon)
 e - a +0 hand axe
Armour
 b - a +0 scale mail (worn)
 c - a +0 buckler (worn)
Scrolls
 f - a scroll of identify {unknown}
Potions
 d - a potion of might


   Skills:
 + Level 3.5 Fighting
 + Level 2.7 Short Blades
 + Level 2.4 Armour
 + Level 2.4 Shields


You couldn't memorise any spells.
You didn't know any spells.
Your spell library contained the following spells:

 Spells                   Type           Power      Damage    Failure   Level
 Ignite Poison            Fire/Tmut/Pois 0%         N/A       100%        3
 Sticky Flame             Conj/Fire      0%         2d3       100%        4
 Ignition                 Fire           0%         3d3       100%        8


Dungeon Overview and Level Annotations

Branches:
Dungeon (1/15)

Altars:


Innate Abilities, Weirdness & Mutations

You are small and have problems with some larger weapons.
You are completely attuned to the shadows.


Message History

The ball python misses you. The ball python barely misses you.
Found a stone staircase leading down.
The ball python closely misses you. The ball python grabs you.
The ball python constricts you.
You puncture the ball python!
You kill the ball python!
Found an Everburning Encyclopedia.
You see here a ball python corpse.
You pick up an Everburning Encyclopedia and begin reading...
You add the spells Ignite Poison, Sticky Flame and Ignition to your library.
There are no items here.
A kobold comes into view. It is wielding a +0 club.
The kobold shouts!
A ball python comes into view.
You closely miss the kobold. The kobold misses you.
You hit the kobold but do no damage.
A bat comes into view.
You block the kobold's attack.
The bat moves out of view.
You closely miss the kobold. The kobold closely misses you.
You barely miss the kobold. The kobold hits you with a +0 club.
An endoplasm comes into view.
You barely miss the kobold. The kobold hits you with a +0 club.
You barely miss the kobold. You block the kobold's attack.
You hit the kobold but do no damage. The kobold hits you but does no damage.
You closely miss the kobold. The bat hits you.
The kobold hits you but does no damage.
You hit the kobold.
The kobold is moderately wounded.
The bat misses you. You block the kobold's attack. The endoplasm freezes you.
You are frozen.
You block the kobold's attack. The endoplasm freezes you.
You are frozen.
* * * LOW HITPOINT WARNING * * *
The bat attacks as you move away! The bat hits you but does no damage.
You block the bat's attack. The endoplasm hits you.
* * * LOW HITPOINT WARNING * * *
The endoplasm attacks as you move away! You block the endoplasm's attack.
The endoplasm freezes you.
You are frozen.
You die...

....# ###.###
#...# ###.#
#.## # #..## #
##..## # ##..#
###### ###
##.#
#####@.... ...
#.#.##KbJ.####
###
####.#.#..####
...
..........####
#..
..##.........S
.
.....†......##
..........#..#
.........###..
._##.....# ##


You could see an endoplasm, a bat and a kobold.

Vanquished Creatures
  2 ball pythons (D:1)
  A quokka (D:1)
  A bat (D:1)
4 creatures vanquished.

Notes
Turn   | Place    | Note
-------+----------+-------------------------------------------
     0 | D:1      | DeadRuby the Kobold Fighter began the quest for the Orb.
     0 | D:1      | Reached XP level 1. HP: 14/14 MP: 1/1
   230 | D:1      | Found a faded altar of an unknown god.
   258 | D:1      | Frozen to death by an endoplasm

Illustrated notes

Levels and vault maps discovered:
D:1:      erik_arrival_triangle_medium, layout_rooms, basic_ecumenical_altar,
          minmay_tetromino_l4

Action                     || total
---------------------------++-------
  Melee: Rapier            ||    18
 Armour: Scale mail        ||     7
  Dodge: Dodged            ||    13
  Block: Buckler           ||     7
